 Dungeon Crawl Stone Soup version 0.25.0-1-g7eea58d2a3 (webtiles) character file.

Game seed: 1092716546876530477

168 Anathary the Slasher (level 5, -3/42 HPs)
             Began as a Demonspawn Fighter on June 14, 2020.
             Killed by divine providence
             ... invoked by an orc priest
              (11 damage)
             ... on level 4 of the Dungeon.
             The game lasted 00:13:22 (3927 turns).

Anathary the Slasher (Demonspawn Fighter)           Turns: 3927, Time: 00:13:23

Health: -3/42      AC: 16    Str: 17    XL:     5   Next: 24%
Magic:  0/5        EV:  2    Int: 10    God:
Gold:   141        SH:  8    Dex: 12    Spells: 4/4 levels left

rFire    . . .     SeeInvis +   a - +0 long sword
rCold    . . .     Gourm    .   c - +0 kite shield
rNeg     . . .     Faith    .   y - +4 plate armour
rPois    .         Spirit   +   (no helmet)
rElec    .         Reflect  .   (no cloak)
rCorr    .         Harm     .   (no gloves)
MR       .....                  (no boots)
Stlth    ..........             (no amulet)
HPRegen  0.14/turn              t - ring of see invisible
MPRegen  0.09/turn              (no ring)

@: drained
A: iridescent scales 1, nightstalker 1, magic shield
a: no special abilities


You were on level 4 of the Dungeon.
You were not hungry.

You visited 1 branch of the dungeon, and saw 4 of its levels.

You collected 141 gold pieces.

Inventory:

Hand Weapons
 a - a +0 long sword (weapon)
Armour
 c - a +0 kite shield (worn)
 y - a +4 plate armour (worn)
Jewellery
 t - a ring of see invisible (left hand)
Wands
 n - a wand of flame (19)
Scrolls
 g - 2 scrolls of magic mapping
 m - a scroll of remove curse
 v - a scroll of identify
Potions
 b - a potion of mutation {unknown}
 d - 3 potions of might
 o - a potion of degeneration {unknown}
 q - 2 potions of heal wounds {unknown}
 r - a potion of lignification {unknown}
 x - 2 potions of stabbing {unknown}
Comestibles
 f - 4 rations


   Skills:
 + Level 3.9(3.2) Fighting
 * Level 4.4(3.6) Long Blades
 - Level 2.6(1.9) Armour
 - Level 0.2(0.0) Dodging
 - Level 2.6(1.9) Shields


You had 4 spell levels left.
You didn't know any spells.
Your spell library was empty.

Dungeon Overview and Level Annotations

Branches:
Dungeon (3/15)

Altars:
Ashenzari
Sif Muna
Wu Jian
Yredelemnul


Innate Abilities, Weirdness & Mutations

You are partially covered in iridescent scales. (AC +2)
You are slightly more attuned to the shadows.
When hurt, damage is shared between your health and your magic reserves.


Message History

You barely miss the orc.
The orc is heavily wounded.
The orc hits you but does no damage.
You hit the orc.
You kill the orc!
You block the orc wizard's attack.
You slash the orc wizard!
The orc wizard is heavily wounded.
The orc wizard hits you but does no damage.
You hit the orc wizard.
The orc wizard is almost dead.
The orc priest casts a cantrip, but nothing happens.
The orc wizard gestures at you while chanting.
The magic dart hits you but does no damage.
You miss the orc wizard.
The orc wizard is almost dead.
The orc wizard hits you but does no damage.
The orc priest invokes the aid of Beogh against you.
Beogh smites you!
You die...

.## #.# .# #.# .# #.#
#.......# #.#
#...o...# #.#
#.......# #.# .Zr.o..#
## #.# ......#
#...##.########...####
........@oZo.........+
#...##.########...####
##. .... ##.## #
###.## .# ..# .. .##
..# #. ..#


You could see an orc priest, an orc wizard (invisible) and a hound skeleton.

Vanquished Creatures
  8 adders
  2 worms (D:3)
  2 dart slugs
  A leopard gecko (D:3)
  4 orcs
  2 ball pythons (D:3)
  4 giant cockroaches
  12 goblins
  11 hobgoblins
  5 jackals
  2 quokkas
  10 bats
  2 frilled lizards
  7 kobolds
  7 rats
79 creatures vanquished.

Notes
Turn   | Place    | Note
-------+----------+-------------------------------------------
     0 | D:1      | Anathary the Demonspawn Fighter began the quest for the
                  | Orb.
     0 | D:1      | Reached XP level 1. HP: 18/18 MP: 1/1
   191 | D:1      | Reached skill level 2 in Long Blades
   526 | D:1      | Gained mutation: When hurt, damage is shared between your
                  | health and your magic reserves. [demonic ancestry]
   526 | D:1      | Reached XP level 2. HP: 20/24 MP: 2/2
  1136 | D:2      | Gained mutation: You are slightly more attuned to the
                  | shadows. [demonic ancestry]
  1136 | D:2      | Reached XP level 3. HP: 25/29 MP: 3/3
  1323 | D:2      | Found a shattered altar of Ashenzari.
  1406 | D:2      | Reached skill level 3 in Long Blades
  1850 | D:2      | Found a shimmering blue altar of Sif Muna.
  2069 | D:3      | Reached XP level 4. HP: 33/37 MP: 4/4
  2586 | D:3      | Reached skill level 4 in Long Blades
  3017 | D:3      | Found an ornate altar of the Wu Jian Council.
  3018 | D:3      | Found a basalt altar of Yredelemnul.
  3074 | D:3      | Gained mutation: You are partially covered in iridescent
                  | scales. (AC +2) [demonic ancestry]
  3074 | D:3      | Reached XP level 5. HP: 32/42 MP: 5/5
  3266 | D:3      | HP: 1/42 [cloud of flame (15)]
  3838 | D:3      | You fall into a shaft and drop 1 floor!
  3927 | D:4      | Killed from afar by an orc priest

Illustrated notes

Levels and vault maps discovered:
D:1:      eino_arrival_druids_welcome, layout_basic, serial_glass,
          glass_columns_a, glass_columns_c
D:2:      layout_loops_cross, evilmike_ruin_ashenzari, led_sif_pool
D:3:      minmay_chambers_of_threes, layout_basic,
          gammafunk_temple_overflow_pools, chequers_serial_rivers_micro_d
D:4:      layout_loops_corners, uniq_ijyb, uniq_pikel, uniq_purgy

Skill      XL: |  1  2  3  4 |
---------------+-------------+-----
Long Blades    | 2 3 4 |  4.4
Fighting       | |  3.9
Armour         | |  2.6
Dodging        | |  0.2
Shields        | |  2.6

Action                   |  1- 3 |  4- 6 || total
-------------------------+-------+-------++-------
Melee: Long sword        |   138 |   183 ||   321
  Use: Scroll            |       |    12 ||    12
       Potion            |       |     1 ||     1
  Eat: Ration            |     1 |     2 ||     3
       Chunk             |       |     1 ||     1
Armor: Scale mail        |     8 |       ||     8
       Chain mail        |    89 |    99 ||   188
       Plate armour      |       |    49 ||    49
Dodge: Dodged            |    25 |    49 ||    74
Block: Kite shield       |    77 |   101 ||   178
       Rpst.: Long sword |     9 |    17 ||    26
